 Dungeon Crawl Stone Soup version 0.31.0-1-g2c135a008e (webtiles) character file.

Game seed: 4905076447971511953

702 qw the Shooter (level 7, 0/52 HPs)
             Began as a Djinni Hunter on Jan 23, 2024.
             Was a Follower of Okawaru.
             Slain by an orc warrior
             ... wielding a +0 halberd
              (16 damage)
             ... on level 5 of the Dungeon.
             The game lasted 00:00:19 (3244 turns).

qw the Shooter (Djinni Hunter)                      Turns: 3244, Time: 00:00:20

Health: 0/52       AC: 11    Str: 13    XL:     7   Next: 98%
Gold:   257        EV: 11    Int: 16    God:    Okawaru [*.....] SH:  0 Dex: 16

rFire   + + +        a - +1 shortbow
rCold   x . .        (shield currently unavailable)
rNeg    . . .        g - +0 ring mail
rPois   inf          l - +1 helmet
rElec   .            (no cloak)
rCorr   .            (no gloves)
SInv    .            (boots unavailable)
Will    .....        i - amulet of regeneration
Stlth   +            h - ring "Fupnaecuq" {rPois rF+ Str+3 Int+6 Dex-3}
HPRegen 1.08/turn    d - +4 ring of protection
MPRegen 0.00/turn

%: infuse magic (-1 HP)
@: flying
A: sickness immunity, fire resistance 2, cold vulnerability 1, float, innate
caster, HP casting, extra vitality 1
a: Renounce Religion, Heroism


You were on level 5 of the Dungeon.
You worshipped Okawaru.
Okawaru was aware of your devotion.
You visited 2 branches of the dungeon, and saw 6 of its levels.

You collected 257 gold pieces.


Innate Abilities, Weirdness & Mutations

You are immune to sickness and miasma.
You are immune to poison.
Your flesh is very heat resistant. (rF++)
You are vulnerable to cold. (rC-)
You float through the air rather than walking.
You learn spells naturally, not from books.
Your magical power is your life essence.
You have superior vitality. (+4 MHP)


   Skills:
 - Level 4.0 Fighting
 + Level 6.1 Ranged Weapons
 - Level 1.0 Armour
 - Level 3.0 Dodging
 - Level 0.7 Stealth
 + Level 3.0 Invocations


You knew the following spells:

 Your Spells              Type           Power      Damage    Failure   Level
a - Summon Small Mammal   Summ           0%         N/A       47%         1
b - Call Imp              Summ           0%         N/A       63%         2
c - Jinxbite              Hex            0%         N/A       63%         2
Your spell library was empty.

Inventory:

Hand Weapons
 a - a +1 shortbow (weapon)
Armour
 g - a +0 ring mail (worn)
 l - a +1 helmet (worn)
Jewellery
 d - a +4 ring of protection (right hand)
 e - a ring of positive energy
 h - the ring "Fupnaecuq" (left hand) {rPois rF+ Str+3 Int+6 Dex-3}
   (You found it on level 2 of the Dungeon)

   [ring of intelligence]

   Str+3:     It affects your strength (+3).
   Int+6:     It affects your intelligence (+6).
   Dex-3:     It affects your dexterity (-3).
   rF+:       It protects you from fire.
   rPois:     It protects you from poison
 i - an amulet of regeneration (around neck)
Scrolls
 c - a scroll of identify
Potions
 b - a potion of cancellation
 f - 2 potions of curing
 k - 2 potions of heal wounds

Dungeon Overview and Level Annotations

Branches:
Dungeon (5/15)             Temple (1/1) D:4

Altars:
Ashenzari
Cheibriados
Dithmenos
Elyvilon
Fedhas
Hepliaklqana
Makhleb
Nemelex Xobeh
Okawaru
Qazlal
Ru
Uskayaw
Wu Jian
Xom
Yredelemnul
Zin
The Shining One


Message History

The hound bites you but does no damage. The iguana closely misses you.
The orc hits you but does no damage. The orc warrior barely misses you.
The iguana barely misses you. The hound bites you.
3240 ||| RETREEEEATING.
You shoot an arrow.
The arrow hits the orc warrior but does no damage.
The orc warrior is lightly wounded.
The hound barely misses you. The iguana barely misses you.
The orc grunts to no one in particular.
The orc barely misses you.
The orc warrior hits you with a +0 halberd!
The iguana barely misses you. The hound misses you.
3241 ||| RETREEEEATING.
You shoot an arrow.
The arrow hits the iguana but does no damage.
The hound bites you but does no damage. The orc barely misses you.
The orc warrior hits you with a +0 halberd.
The orc wizard hits you but does no damage.
The iguana misses you.
The iguana bites you but does no damage.
3242 ||| RETREEEEATING.
You shoot an arrow. The arrow barely misses the iguana.
The hound bites you but does no damage. The iguana bites you!
The orc warrior hits you with a +0 halberd!
The orc hits you with a +0 whip. The orc wizard barely misses you.
The iguana bites you. The hound misses you.
The iguana bites you but does no damage.
The orc wizard closely misses you. The orc barely misses you.
The orc warrior barely misses you.
The iguana bites you but does no damage.
3243 ||| RETREEEEATING.
You shoot an arrow.
The arrow hits the iguana but does no damage.
The hound barely misses you. The hound bites you.
The orc hits you but does no damage. The iguana barely misses you.
The orc warrior barely misses you.
The orc wizard hits you but does no damage.
The iguana bites you but does no damage.
3244 ||| RETREEEEATING.
You shoot an arrow.
The arrow hits the iguana but does no damage.
The hound closely misses you. The iguana completely misses you.
The orc closely misses you.
The orc warrior hits you with a +0 halberd!
You die...

## ### ##....##
#.......###
###.###.....
###...#.#...# #
....###.###.#..#
..s#}.l.}#....#
..###..l@o###..
..#....oho.[#..#
..###.....###..#
..#}.$.}#....#
....###.###./...
#.....#.#......
##....###.$....
#### .........
### ..>$.


You could see an orc warrior, a scorpion, 2 iguanas, a hound, an orc wizard and
an orc.

Vanquished Creatures
  A black bear (D:4)
  An ogre (D:4)
  A scorpion (D:4)
  A howler monkey (D:4)
  4 crimson imps (D:4)
  2 hounds (D:4)
  An iguana (D:4)
  Robin (D:2)
  4 gnolls (D:4)
  6 adders
  2 dart slugs (D:4)
  4 ribbon worms
  An orc (D:4)
  5 ball pythons
  5 bats
  8 endoplasms
  4 giant cockroaches
  13 goblins
  11 hobgoblins
  2 jackals (D:2)
  5 quokkas
  4 frilled lizards
  4 kobolds
  6 rats
96 creatures vanquished.

Notes
Turn   | Place    | Note
-------+----------+-------------------------------------------
     0 | D:1      | qw the Djinni Hunter began the quest for the Orb.
     0 | D:1      | Reached XP level 1. HP: 18/18 MP: 0/0
     0 | D:1      | 0 ||| qw: Version: 0.3-a-135-gb77e89d
     0 | D:1      | 0 ||| qw: Game counter: 904
     0 | D:1      | 0 ||| qw: Melee chars always use a shield: true
     0 | D:1      | 0 ||| qw: God list: Okawaru
     0 | D:1      | 0 ||| qw: Allow faded altars: false
     0 | D:1      | 0 ||| qw: Do Orc after clearing Dungeon:15 true
     0 | D:1      | 0 ||| qw: Do second Lair branch before Depths: true
     0 | D:1      | 0 ||| qw: Lair rune preference: random
     0 | D:1      | 0 ||| qw: Goals: Normal
     0 | D:1      | 0 ||| PLANNING D:1-11
   157 | D:1      | Reached XP level 2. HP: 23/23 MP: 0/0
   270 | D:1      | Reached skill level 4 in Ranged Weapons
   270 | D:1      | Reached XP level 3. HP: 28/28 MP: 0/0
   270 | D:1      | Learned a level 1 spell: Summon Small Mammal
   550 | D:1      | 550 ||| UPGRADING to +0 ring mail.
   560 | D:1      | 560 ||| DROPPING +0 leather armour.
   561 | D:1      | 561 ||| READING 2 scrolls labelled JYXKUBOYD.
   561 | D:1      | 561 ||| ENCHANTING +0 shortbow.
   562 | D:1      | 562 ||| READING 2 scrolls labelled MIONTI AVVULL.
   562 | D:1      | 562 ||| IDENTIFYING 3 metallic black potions
   563 | D:1      | 563 ||| READING scroll of identify.
   563 | D:1      | 563 ||| IDENTIFYING scroll labelled ANTOUDWOUSARGH
   564 | D:1      | 564 ||| DROPPING scroll of butterflies.
   565 | D:1      | 565 ||| DROPPING scroll of revelation.
   825 | D:2      | Reached skill level 1 in Armour
   959 | D:2      | Reached XP level 4. HP: 34/34 MP: 0/0
   990 | D:2      | Identified the ring "Fupnaecuq" {rPois rF+ Str+3 Int+6
                  | Dex-3}
  1130 | D:2      | Found a faded altar of an unknown god.
  1252 | D:2      | Reached skill level 3 in Fighting
  1337 | D:2      | Found a stormy altar of Qazlal.
  1526 | D:2      | Noticed Robin
  1535 | D:2      | Killed Robin
  1610 | D:2      | 1610 ||| UPGRADING to +0 helmet.
  1615 | D:2      | 1615 ||| READING scroll of enchant armour.
  1615 | D:2      | 1615 ||| ENCHANTING +0 helmet.
  1616 | D:2      | 1616 ||| UPGRADING to amulet of regeneration.
  1621 | D:2      | 1621 ||| UPGRADING to ring "Fupnaecuq" {rPois rF+ Str+3
                  | Int+6 Dex-3}.
  1622 | D:2      | 1622 ||| READING scroll of identify.
  1622 | D:2      | 1622 ||| IDENTIFYING smoky dark potion
  1623 | D:2      | 1623 ||| READING scroll labelled TAJEATH XUBOKI.
  1623 | D:2      | 1623 ||| ENCHANTING +0 shortbow.
  1624 | D:2      | 1624 ||| READING scroll labelled IRPHITZ ORANULYL.
  1625 | D:2      | 1625 ||| READING scroll labelled FUICAESIUZ.
  1626 | D:2      | 1626 ||| DROPPING potion of lignification.
  1841 | D:3      | Reached XP level 5. HP: 40/40 MP: 0/0
  1841 | D:3      | Learned a level 2 spell: Call Imp
  1947 | D:3      | 1947 ||| DROPPING +3 sling.
  2117 | D:3      | 2117 ||| READING scroll of identify.
  2117 | D:3      | 2117 ||| IDENTIFYING 2 cyan potions
  2160 | D:4      | Found a staircase to the Ecumenical Temple.
  2161 | D:4      | 2161 ||| PLANNING TEMPLE
  2165 | D:4      | Noticed an ogre
  2176 | D:4      | Killed an ogre
  2177 | D:4      | Reached skill level 5 in Ranged Weapons
  2177 | D:4      | Reached XP level 6. HP: 20/46 MP: 0/0
  2206 | Temple   | Entered the Ecumenical Temple
  2207 | Temple   | 2207 ||| PLANNING OKAWARU WORSHIP
  2212 | Temple   | Became a worshipper of Warmaster Okawaru
  2213 | Temple   | 2213 ||| PLANNING D:1-11
  2231 | D:4      | Found a shimmering altar of Xom.
  2288 | D:4      | 2288 ||| RETREEEEATING.
  2289 | D:4      | 2289 ||| RETREEEEATING.
  2290 | D:4      | 2290 ||| RETREEEEATING.
  2291 | D:4      | 2291 ||| RETREEEEATING.
  2292 | D:4      | 2292 ||| RETREEEEATING.
  2293 | D:4      | 2293 ||| RETREEEEATING.
  2295 | D:4      | 2295 ||| RETREEEEATING.
  2303 | D:4      | 2303 ||| DRINKING 3 potions of curing.
  2303 | D:4      | 2303 ||| (to cure confusion)
  2325 | D:4      | Reached skill level 3 in Dodging
  2418 | D:4      | Reached * piety under Okawaru
  2419 | D:4      | Reached XP level 7. HP: 52/52 MP: 0/0
  2419 | D:4      | Learned a level 2 spell: Jinxbite
  2642 | D:4      | Reached skill level 1 in Invocations
  2783 | D:4      | 2783 ||| RETREEEEATING.
  2784 | D:4      | 2784 ||| RETREEEEATING.
  2785 | D:4      | 2785 ||| RETREEEEATING.
  2786 | D:4      | 2786 ||| RETREEEEATING.
  2787 | D:4      | 2787 ||| INVOKING Heroism.
  2788 | D:4      | 2788 ||| RETREEEEATING.
  2789 | D:4      | 2789 ||| RETREEEEATING.
  2890 | D:4      | Found a hazy altar of Hepliaklqana.
  2899 | D:4      | Found a basalt altar of Yredelemnul.
  3038 | D:4      | Reached skill level 6 in Ranged Weapons
  3057 | D:4      | Reached skill level 3 in Invocations
  3204 | D:4      | 3204 ||| UPGRADING to +4 ring of protection.
  3205 | D:4      | 3205 ||| DROPPING ring of wizardry.
  3206 | D:4      | 3206 ||| READING 3 scrolls of identify.
  3206 | D:4      | 3206 ||| IDENTIFYING golden potion
  3207 | D:4      | 3207 ||| READING 2 scrolls of identify.
  3207 | D:4      | 3207 ||| IDENTIFYING lumpy purple potion
  3208 | D:4      | 3208 ||| DROPPING potion of attraction.
  3236 | D:5      | Entered Level 5 of the Dungeon
  3237 | D:5      | 3237 ||| RETREEEEATING.
  3238 | D:5      | 3238 ||| RETREEEEATING.
  3239 | D:5      | 3239 ||| RETREEEEATING.
  3240 | D:5      | 3240 ||| RETREEEEATING.
  3241 | D:5      | 3241 ||| RETREEEEATING.
  3242 | D:5      | 3242 ||| RETREEEEATING.
  3243 | D:5      | 3243 ||| RETREEEEATING.
  3244 | D:5      | 3244 ||| RETREEEEATING.
  3244 | D:5      | Slain by an orc warrior

Levels and vault maps discovered:
D:1:      scummos_arrival_simple_crosswalls, layout_loops_ring,
          chequers_hall_statues_y, st_stairs_2
D:2:      layout_basic, basic_altar, basic_ecumenical_altar, serial_bayou,
          serial_bayou_shore_b, serial_bayou_shore_b, serial_bayou_shore_a,
          serial_bayou_shore_b, minmay_hexomino_p4, uniq_robin
D:3:      layout_basic, chequers_serial_rivers_small_3
D:4:      layout_basic, led_xom_imps, mainiacjoe_overflow_swirl,
          minmay_temple_entry_glass, kennysheep_dice
D:5:      layout_rooms, serial_shops, shop, nicolae_fountain_basement
Temple:   sentei_temple_godly_chess

Skill      XL: |  1  2  3  4  5  6  7 |
---------------+----------------------+-----
Ranged Weapons | 4 5 6 |  6.1
Armour         | 1 |  1.0
Fighting       | 3 4 |  4.0
Dodging        | 3 |  3.0
Invocations    | 3 |  3.0
Stealth        | |  0.7

Action                     |  1- 3 |  4- 6 |  7- 9 || total
---------------------------+-------+-------+-------++-------
   Fire: Shortbow          |    93 |   245 |    99 ||   437
 Invoke: Heroism           |       |       |     1 ||     1
    Use: Scroll            |     3 |     6 |     2 ||    11
         Potion            |       |     1 |       ||     1
 Armour: Leather armour    |     3 |       |       ||     3
         Ring mail         |    26 |   155 |    63 ||   244
         Skin              |       |    23 |       ||    23
  Dodge: Dodged            |    25 |   108 |    58 ||   191

Table legend:
 A = Non-vault XP
 B = Vault XP
 C = Vault XP percentage of total XP
 D = Non-vault monster count
 E = Vault monster count
 F = Vault count percentage of total count
                 A         B        C        D         E       F
            +---------+---------+-------+---------+---------+-------
      Total |     725 |     278 |  27.7 |      76 |      20 |  20.8
            +---------+---------+-------+---------+---------+-------
        D:1 |      37 |       4 |   9.8 |      22 |       2 |   8.3
        D:2 |      28 |      49 |  63.6 |      13 |      11 |  45.8
        D:3 |      37 |       0 |   0.0 |      14 |       0 |   0.0
        D:4 |     623 |     225 |  26.5 |      27 |       7 |  20.6
            +---------+---------+-------+---------+---------+-------
